 Dungeon Crawl Stone Soup version 0.30.0-17-ge0270778cf (webtiles) character file.

Game seed: 10512389633913047097

3170 AlmostDecent the Cleaver (level 9, -5/59 HPs)
             Began as a Gargoyle Berserker on May 21, 2023.
             Was an Elder of Trog.
             Slain by an orc warrior
             ... wielding a +4 glaive of distortion
              (21 damage)
             ... on level 8 of the Dungeon.
             The game lasted 00:16:23 (5172 turns).

AlmostDecent the Cleaver (Gargoyle Berserker)       Turns: 5172, Time: 00:16:24

Health: -5/59      AC:  9    Str: 27    XL:     9   Next: 94%
Magic:  9/9        EV: 12    Int:  8    God:    Trog [****..]
Gold:   364        SH:  0    Dex: 13    Spells: 8/8 levels left

rFire   . . .        I - +0 war axe
rCold   . . .        (no shield)
rNeg    + . .        b - +0 animal skin
rPois   ∞            i - +0 helmet
rElec   +            z - scarf {repulsion}
rCorr   .            (no gloves)
SInv    +            (no boots)
Will    .....        e - amulet of regeneration
Stlth   +            f - +6 ring of strength
HPRegen 1.09/turn    B - ring of see invisible
MPRegen 0.11/turn

%: repel missiles
@: on berserk cooldown, hasted and slowed, studying Fighting
A: sickness immunity, AC +6, negative energy resistance 1, electricity
resistance, torment resistance 1, petrification resistance
a: Renounce Religion, Berserk, Trog's Hand, Brothers in Arms


You were on level 8 of the Dungeon.
You worshipped Trog.
Trog was greatly pleased with you.
You visited 1 branch of the dungeon, and saw 8 of its levels.

You collected 364 gold pieces.

Inventory:

Hand Weapons
 a - a +0 hand axe
 g - a +5 morningstar
 s - the +0 dagger "Murmur" {speed, rElec rF- Str+6 Stlth+}
   (You found it on level 3 of the Dungeon)

   Str:       It affects your strength (+6).
   rF:        It makes you vulnerable to fire.
   rElec:     It insulates you from electricity.
   Stlth:     It makes you more stealthy.
 v - a +0 flail
 F - a +4 hand axe
 I - a +0 war axe (weapon)
 J - a +0 battleaxe
Armour
 b - a +0 animal skin (worn)
 i - a +0 helmet (worn)
 z - a scarf of repulsion (worn)
Jewellery
 e - an amulet of regeneration (around neck)
 f - a +6 ring of strength (left hand)
 j - a ring of resist corrosion
 A - a ring of flight
 B - a ring of see invisible (right hand)
Wands
 n - a wand of paralysis (15)
 D - a wand of mindburst (15)
Scrolls
 h - 3 scrolls of immolation {unknown}
 k - a scroll of torment {unknown}
 p - a scroll of noise {unknown}
 q - 3 scrolls of fear {unknown}
 t - 2 scrolls of teleportation {unknown}
 u - a scroll of magic mapping {unknown}
 x - a scroll of poison {unknown}
 y - a scroll of enchant armour {unknown}
 C - a scroll of blinking {unknown}
 G - a scroll of silence {unknown}
Potions
 c - a potion of lignification
 l - 2 potions of curing
 m - 2 potions of flight
 o - a potion of ambrosia
 r - 2 potions of haste
 w - a potion of cancellation
 E - a potion of mutation {unknown}
 H - a potion of magic {unknown}


   Skills:
 + Level 8.0 Fighting
 * Level 11.7 Axes
 - Level 2.2 Armour
 - Level 1.6 Dodging


You had 8 spell levels left.
You didn't know any spells.
Your spell library was empty.

Dungeon Overview and Level Annotations

Branches:
Dungeon (8/15)             Temple (0/1) D:5
   Lair: D:8-11

Altars:
Cheibriados
Fedhas
Hepliaklqana
Nemelex Xobeh
Qazlal
Sif Muna
Uskayaw
Xom

Shops:
D:4 [


Innate Abilities, Weirdness & Mutations

You are immune to sickness and miasma.
Your stone body is resilient. (AC +6)
You are immune to poison.
You resist negative energy. (rN+)
You are resistant to electric shocks. (rElec)
You are resistant to unholy torment.
You are immune to petrification.


Message History

Trog accepts your kill.
No target in view!
No target in view!
No target in view!
An orc warrior comes into view.
It is wielding a +4 glaive of distortion.
Throw: throwing net
Press: ? - help, Q - select action, (/) - cycle Shift-Dir - straight line, f - orc warrior
Aim: an orc warrior, wielding a +4 glaive of distortion and wearing a +0 chain mail (58% to hit)
You throw a throwing net.
The throwing net barely misses the orc warrior.
A red film seems to cover your vision as you go berserk!
You feel yourself moving faster!
You feel mighty!
An orc comes into view. It is wielding a +0 short sword.
You feel a strong urge to attack something.
The orc warrior hits you with a +4 glaive of distortion!!
You blink.
The orc shouts!
You feel your anger nearly subside.
You are no longer berserk.
You are exhausted.
You feel yourself slow down.
You closely miss the orc warrior.
The orc warrior hits you with a +4 glaive of distortion!
You blink.
An orc comes into view. It is wielding a +0 club.
The orc moves out of view.
The orc warrior barely misses you.
You slash the orc warrior!
The orc warrior is heavily wounded.
The orc warrior barely misses you.
The orc warrior hits you with a +4 glaive of distortion!
The orc hits you with a +0 club.
You are too injured to fight recklessly!
You are too injured to fight recklessly!
You feel yourself speed up. The orc warrior completely misses you.
The orc hits you with a +0 club.
You feel better.
The orc warrior hits you with a +4 glaive of distortion!
* * * LOW HITPOINT WARNING * * *
Space warps horribly around you!!
You die...

#######..........
####..
#.......... #..
#†......... #..
#+#####..........
#..
.............###
####
.......).....# #
#...
..........o..#.#
...
..........o..#.+
#.
###########@...#
##. #o...# +..
'....'....# ##.
##..##......#
####.. #.
....(..... ......
+..........
......
#..........
......
#..........
......
#......####
##....


You could see an orc warrior and 2 orcs.

Vanquished Creatures
  3 yaks (D:8)
  3 ice beasts
  2 black bears (D:6)
  2 ogres
  A phantom (D:5)
  A centaur (D:8)
  2 bullfrogs (D:7)
  4 scorpions
  15 wights
  5 howler monkeys
  A jelly (D:6)
  3 hounds
  4 orc priests
  2 sleepcaps (D:6)
  4 iguanas
  10 adders
  3 shadow imps
  3 white imps
  An ufetubus (D:5)
  2 worms
  2 dart slugs
  17 orcs
  8 endoplasms
  3 giant cockroaches (D:3)
  16 goblins
  6 hobgoblins
  2 jackals (D:1)
  8 kobolds
  5 quokkas
  4 ball pythons
  7 bats
  4 frilled lizards
  7 rats
160 creatures vanquished.

Notes
Turn   | Place    | Note
-------+----------+-------------------------------------------
     0 | D:1      | AlmostDecent the Gargoyle Berserker began the quest for the
                  | Orb.
     0 | D:1      | Reached XP level 1. HP: 14/14 MP: 1/1
   172 | D:1      | Reached XP level 2. HP: 19/19 MP: 2/2
   202 | D:1      | Reached skill level 3 in Axes
   395 | D:1      | Reached XP level 3. HP: 24/24 MP: 3/3
   823 | D:2      | Reached ** piety under Trog
  1372 | D:2      | Reached skill level 4 in Axes
  1372 | D:2      | Reached XP level 4. HP: 29/29 MP: 4/4
  1594 | D:3      | Identified the +0 dagger "Murmur" {speed, rElec rF- Str+6
                  | Stlth+}
  1613 | D:3      | Reached XP level 5. HP: 28/33 MP: 5/5
  1742 | D:3      | Reached skill level 5 in Axes
  1888 | D:3      | Found a faded altar of an unknown god.
  1957 | D:3      | Reached XP level 6. HP: 38/38 MP: 6/6
  2115 | D:4      | Reached *** piety under Trog
  2190 | D:4      | Found Busuygol's Armour Emporium.
  2322 | D:4      | Found a hide-covered altar of Uskayaw.
  2407 | D:4      | Reached skill level 6 in Axes
  2640 | D:5      | Entered Level 5 of the Dungeon
  2690 | D:5      | Found a shimmering altar of Xom.
  2695 | D:5      | Reached XP level 7. HP: 44/44 MP: 7/7
  2743 | D:5      | Reached skill level 7 in Axes
  2853 | D:5      | Found a staircase to the Ecumenical Temple.
  2896 | D:5      | Reached skill level 5 in Fighting
  2974 | D:5      | Reached XP level 8. HP: 48/49 MP: 8/8
  3142 | D:5      | Reached skill level 8 in Axes
  3560 | D:6      | Reached skill level 9 in Axes
  3572 | D:6      | Identified a scroll of acquirement
  3572 | D:6      | Acquired a manual of Fighting
  3945 | D:7      | Reached XP level 9. HP: 54/55 MP: 9/9
  4097 | D:7      | Found a shimmering blue altar of Sif Muna.
  4172 | D:7      | Reached skill level 10 in Axes
  4647 | D:7      | Reached **** piety under Trog
  4884 | D:8      | Found a blossoming altar of Fedhas.
  4936 | D:8      | Found a snail-covered altar of Cheibriados.
  4940 | D:8      | Reached skill level 11 in Axes
  4940 | D:8      | Found a stormy altar of Qazlal.
  4940 | D:8      | Found a sparkling altar of Nemelex Xobeh.
  5090 | D:8      | Found a faded altar of an unknown god.
  5090 | D:8      | Found a faded altar of an unknown god.
  5092 | D:8      | Found a hazy altar of Hepliaklqana.
  5172 | D:8      | Slain by an orc warrior

Illustrated notes

Levels and vault maps discovered:
D:1:      co_arrival_square_in_a_square_in_a_square, layout_basic,
          minmay_misc_feat_x, minmay_pentomino_w4
D:2:      minmay_recursive_quarters, layout_basic
D:3:      layout_rooms, shapermc_ecumenical_altar_venn,
          hangedman_abyss_or_decor_stabs, minmay_ruptured
D:4:      layout_rooms, eat_drink_and_be_merry_uskayaw, serial_shops,
          nicolae_stop_n_shop_1
D:5:      layout_basic, lemuel_doored_altar, minmay_temple_entry_arrows,
          kennysheep_another_room
D:6:      layout_loops_cross
D:7:      layout_gridville, nicolae_overflow_crystal_walls,
          grunt_decor_fettered, palyth_stone_intersect, minivault_1
D:8:      layout_gridville, mainiacjoe_overflow_chevrons,
          nicolae_hepliaklqana_ecumenical_no_more, mainiacjoe_overflow_catwalk,
          fedhas_bush_and_centaur_altar, grunt_temple_overflow_open,
          kennysheep_generic_room_13

Skill      XL: |  1  2  3  4  5  6  7  8  9 |
---------------+----------------------------+-----
Axes           | 3 4 5 6 7 9 11 | 11.7
Fighting       | 4 5 6 8 |  8.0
Armour         | |  2.2
Dodging        | |  1.6

Action                     |  1- 3 |  4- 6 |  7- 9 || total
---------------------------+-------+-------+-------++-------
  Melee: Hand axe          |   115 |   223 |   317 ||   655
         Punch             |     1 |     2 |     7 ||    10
         War axe           |       |       |    25 ||    25
  Throw: Throwing net      |       |       |     1 ||     1
 Invoke: Berserk           |       |     2 |     6 ||     8
         Trog's Hand       |       |     2 |     1 ||     3
    Use: Scroll            |       |       |     8 ||     8
         Potion            |       |       |     2 ||     2
   Stab: Sleeping          |     1 |     2 |     1 ||     4
 Armour: Animal skin       |    40 |    74 |   115 ||   229
  Dodge: Dodged            |    95 |   127 |   183 ||   405
         Repelled          |       |       |     4 ||     4
